AoeStats
← aEdward

Four Lakes

510070131Analyzed
1v1 RM · 3d ago on Sep 29, 2026· 49m 20s· 2 players
Game mode
Random Map
Map size
Tiny (2 player)
Population
200
Speed
Normal
Resources
Standard
Victory
Conquest
Starting age
Dark Age
Ending age
Imperial Age
RankedLock teamsTeams togetherTeam positionsShared explorationLock speedFull tech treeHidden civsTurbo modeCheats
Victory
Defeat
🇺🇸 Inca · United States
609
+17
🇩🇪 Vietnamese · Germany
635
-29
El que te Lo Mete
0:39 Loom
11:30 Feudal Age
13:16 Wheelbarrow
18:40 Fletching
21:06 Castle Age
22:18 Bodkin Arrow
23:00 Horse Collar
24:34 Heavy Plow
24:54 Champi Runner
26:32 Champi Warrior
27:16 Scale Mail Armor
28:48 Forging
28:57 Double-Bit Axe
29:39 Squires
32:00 Gold Mining
33:33 Gold Shaft Mining
33:11 Bow Saw
34:23 Chain Mail Armor
34:44 Iron Casting
34:33 Hand Cart
36:54 Thumb Ring
37:03 Padded Archer Armor
41:39 Imperial Age
38:57 Town Watch
38:57 Treadmill Crane
39:28 Masonry
40:07 Murder Holes
40:47 Andean Sling
42:36 Ballistics
42:32 Bracer
43:33 Blast Furnace
43:04 Plate Mail Armor
42:59 Conscription
43:35 Crop Rotation
44:24 Chemistry
44:56 Fabric Shields
45:06 Fishing Lines
46:46 Siege Engineers
aEdward
10:47 Feudal Age
9:05 Loom
10:50 Feudal Age
13:02 Man-at-Arms
19:13 Arson
19:47 Fletching
23:04 Double-Bit Axe
26:58 Castle Age
25:32 Padded Archer Armor
30:15 Crossbowman
31:32 Thumb Ring
31:58 Bow Saw
34:22 Gold Mining
34:25 Stone Mining
39:48 Forging
43:04 Long Swordsman
44:21 Gold Mining
47:20 Imperial Age
48:55 Sappers
Connection lost

Rejoining the realm…

Still unreachable

The connection could not be restored.

Session expired

The server has moved on; the page needs a fresh start.